 Dungeon Crawl Stone Soup version 0.30-a0-54-g2e61a25929 (webtiles) character file.

Game seed: 3878408565262388553

97108 omnomnOMINOUS the Fighter (level 16, -5/114 (119) HPs)
             Began as an Octopode Wanderer on Sept 6, 2022.
             Was the Champion of Ru.
             Killed by divine providence
             ... invoked by an orc priest
              (11 damage)
             ... on level 14 of the Dungeon on Sept 8, 2022.
             The game lasted 01:35:23 (43427 turns).

omnomnOMINOUS the Fighter (Octopode Wanderer)      Turns: 43427, Time: 01:35:24

HP:   -5/114 (119)  AC:  1    Str: 31    XL:     16   Next: 18%
MP:   0/24          EV: 22    Int: 28    God:    Ru [******]
Gold: 2737          SH: 12    Dex: 16    Spells: 20/25 levels left

rFire   . . .      SeeInvis .    a - +7 flail of Misery {speed, Str+4}
rCold   . . .      Faith    .    X - +2 kite shield {rC+}
rNeg    . . .      Spirit   +    (helmet restricted)
rPois   +          Reflect  .    f - amulet "Xumoola" {Spirit Will+ Str+4}
rElec   .          Harm     .    l - ring of willpower
rCorr   .          Rampage  .    q - +6 ring of strength
Will    +++..                    C - +6 ring of dexterity
Stlth   ++........               e - ring of protection from fire
HPRegen 0.29/turn                T - +4 ring of evasion
MPRegen 0.19/turn                L - +6 ring of intelligence
                                 c - +6 ring of strength
                                 n - ring of poison resistance

@: about to teleport, slowed, studying 2 skills, lightly drained, very slow
A: almost no armour, amphibious, 8 rings, camouflage 1, weak 1, gelatinous body
1, hated by all, no air magic, no hexes magic, no necromancy magic, missing an
eye, temperature sensitive, (nimble swimmer 1), tentacles
a: Renounce Religion, Draw Out Power, Power Leap, Apocalypse


You were on level 14 of the Dungeon.
You worshipped Ru.
Ru was exalted by your worship.
You visited 3 branches of the dungeon, and saw 22 of its levels.
You also visited: Gauntlet and Ice Cave.

You collected 2890 gold pieces.
You spent 153 gold pieces at shops.

Inventory:

Hand Weapons
 a - the +7 flail of Misery (weapon) {speed, Str+4}
   (You bought it in a shop on level 4 of the Dungeon)

   Attacks with this weapon are significantly faster.
   Str:       It affects your strength (+4).
 B - a +3 vorpal dire flail
 E - the +5 spear of Generosity {vorpal, rF+ Str+3 Int+4 Stlth-}
   (You took it off an orc wizard on level 10 of the Dungeon)

   It inflicts extra damage upon your enemies.
   Str:       It affects your strength (+3).
   Int:       It affects your intelligence (+4).
   rF:        It protects you from fire.
   Stlth:     It makes you less stealthy.
Missiles
 R - 12 curare-tipped darts
Armour
 X - a +2 kite shield of cold resistance (worn)
Magical Staves
 b - a staff of earth
 F - a staff of cold
 S - a staff of conjuration
 U - a staff of poison
Jewellery
 c - a +6 ring of strength (on tentacle)
 e - a ring of protection from fire (on tentacle)
 f - the amulet "Xumoola" (around mantle) {Spirit Will+ Str+4}
   (You acquired it on level 7 of the Dungeon)

   [amulet of guardian spirit]

   It causes incoming damage to be divided between your reserves of health and
   magic.
   Str:       It affects your strength (+4).
   Will:      It increases your willpower.
 g - a ring of magical power
 h - a ring of ice
 l - a ring of willpower (left tentacle)
 n - a ring of poison resistance (on tentacle)
 q - a +6 ring of strength (right tentacle)
 C - a +6 ring of dexterity (on tentacle)
 L - a +6 ring of intelligence (on tentacle)
 T - a +4 ring of evasion (on tentacle)
Wands
 k - a wand of mindburst (17)
 y - a wand of quicksilver (11)
 G - a wand of paralysis (9)
 H - a wand of flame (53)
 J - a wand of polymorph (10)
 M - a wand of iceblast (11)
Scrolls
 d - 4 scrolls of amnesia
 i - 2 scrolls of torment
 j - a scroll of blinking
 m - 6 scrolls of vulnerability
 o - 2 scrolls of enchant weapon
 p - a scroll of immolation
 t - 4 scrolls of enchant armour
 u - 4 scrolls of magic mapping
 x - 2 scrolls of brand weapon
 A - 2 scrolls of silence
 D - 2 scrolls of poison
 K - 3 scrolls of teleportation
 V - 3 scrolls of identify
Potions
 r - 5 potions of mutation
 s - 4 potions of magic
 v - 7 potions of attraction
 z - 3 potions of flight
 I - 2 potions of lignification
 N - a potion of might
 O - 2 potions of cancellation
 P - 3 potions of curing
 Q - 4 potions of brilliance
 Y - a potion of resistance
Miscellaneous
 w - a piece from Xom's chessboard (15/15)
 Z - a tin of tremorstones (2/2)


   Skills:
 + Level 14.2 Fighting
 - Level 14.0 Maces & Flails
 + Level 12.2 Dodging
 + Level 6.8 Shields
 + Level 5.3 Spellcasting
 - Level 12.0 Conjurations
 - Level 12.0 Earth Magic
 - Level 2.4 Poison Magic
 + Level 2.0 Evocations


You had 20 spell levels left.
You knew the following spells:

 Your Spells              Type           Power      Damage    Failure   Level
a - Stone Arrow           Conj/Erth      100%       3d13      1%          3
b - Passwall              Tmut/Erth      34%        N/A       2%          2

Your spell library contained the following spells:

 Spells                   Type           Power      Damage    Failure   Level
 Foxfire                  Conj/Fire      100%       2x1d9     1%          1
 Sandblast                Erth           100%       2d20      1%          1
 Sting                    Tmut/Pois      56%        1d5       11%         1
 Flame Wave               Conj/Fire      41%        2d11      14%         4
 Hailstorm                Conj/Ice       41%        3d10      14%         4
 Scorch                   Fire           14%        2d6       26%         2
 Ignite Poison            Fire/Tmut/Pois 12%        N/A       36%         3
 Ozocubu's Armour         Ice            7%         N/A       45%         3
 Ice Form                 Ice/Tmut       7%         N/A       86%         4
 Dispersal                Tloc           3%         N/A       100%        6
 Ozocubu's Refrigeration  Ice            3%         4d8       100%        7
 Disjunction              Tloc           3%         N/A       100%        8
 Corpse Rot               Necr/Pois/Air  Unusable   N/A       N/A         4
 Simulacrum               Ice/Necr       Unusable   N/A       N/A         6
 Summon Cactus Giant      Summ           Unusable   N/A       N/A         6

Dungeon Overview and Level Annotations

Branches:
Dungeon (15/15)            Temple (0/1) D:6            Lair (5/5) D:8
  Swamp (0/4) Lair:3        Snake (0/4) Lair:3        Slime (0/5) Lair:5
    Orc (2/2) D:12            Elf (0/3) Orc:2        Vaults (0/5) D:13
 Depths (0/4) D:15          IceCv (visited)         Gauntlet (visited)

Altars:
Dithmenos
Elyvilon
Makhleb
Okawaru
Qazlal
Ru
The Shining One

Shops:
D:4 (   Orc:2 [(([[

Annotations:
D:6 1 runed translucent door, crescentfresh's ghost, novice OpVM


Innate Abilities, Weirdness & Mutations

You cannot wear most types of armour.
You are amphibious.
You can wear up to eight rings at the same time.
Your skin changes colour to match your surroundings (Stealth+).
You are weak. (Str -2)
Your rubbery body absorbs attacks. (AC +1, EV +1)
You are hated by all.
You cannot study or cast Air magic.
You cannot study or cast Hexes magic.
You cannot study or cast Necromancy magic.
You are missing an eye, making it more difficult to aim.
You are sensitive to extremes of temperature. (rF-, rC-)
((You are camouflaged when in or above water. (Stealth+)))
You have tentacles for arms and can constrict up to eight enemies at once.


Message History

You bump into the rock wall.
You are engulfed in a cloud of scalding steam.
You feel less invigorated.
You feel less confused.
You focus your inner power and paralyse the smoke demon in retribution!
The orc warrior is engulfed in a cloud of scalding steam.
You block the orc warrior's attack. The freezing wraith hits you!
The freezing wraith freezes you!
* * * LOW HITPOINT WARNING * * *
The freezing wraith misses you.
The orc high priest is engulfed in a cloud of scalding steam.
The orc priest completely misses you.
Okay, then.
Unknown command.
As you read the scroll of teleportation, it crumbles to dust.
You feel strangely unstable.
You are engulfed in a cloud of scalding steam.
* * * LOW HITPOINT WARNING * * *
The orc warrior is engulfed in a cloud of scalding steam.
You block the orc warrior's attack.
The freezing wraith is engulfed in a cloud of scalding steam.
You block the freezing wraith's attack. x2
The orc high priest is engulfed in a cloud of scalding steam.
The orc high priest hits you with a +0 battleaxe.
* * * LOW HITPOINT WARNING * * *
The orc priest closely misses you.
You feel better.
You are engulfed in a cloud of scalding steam.
* * * LOW HITPOINT WARNING * * *
The orc warrior closely misses you. The freezing wraith hits you!
* * * LOW HITPOINT WARNING * * *
The freezing wraith freezes you!
* * * LOW HITPOINT WARNING * * *
The freezing wraith hits you!
* * * LOW HITPOINT WARNING * * *
The freezing wraith drains your vigour!
You feel yourself slow down. The orc high priest misses you.
The orc priest mumbles some strange prayers to Beogh against you.
Beogh smites you!
You die...

#########...# ###
#... ........#...#
.... ##..
........#...#.....
#..#
......o)oW..'.....
#.##
......o.#)..#.....
#...
......(.#...#.....
#..# ........##)##
.... #.##
..o...####'####...
###
.o..###....4o@###.
.### ......Woo.#
......§3§..#
...........#
............#
...._.......#
............#
...........##


You could see an orc high priest, a rust devil (summoned), a freezing wraith, a
smoke demon (summoned, paralysed), an orc warrior and an orc priest.

Vanquished Creatures
  Saint Roka (Orc:2)
  An orc warlord (D:14)
  A reaper (IceCv)
  A minotaur (Gauntlet)
  An ettin (D:15)
  A rakshasa (D:15)
  Fannar (Lair:2)
  An ice dragon (Lair:5)
  11 hydras
  2 death knights
  2 catoblepae
  5 centaur warriors
  Erica (D:8)
  5 boulder beetles
  6 two-headed ogres
  A tengu warrior (D:15)
  Urug (D:13)
  Nergalle (Lair:2)
  Sonja (Orc:1)
  A steelbarb worm (shapeshifter) (D:13)
  5 skeletal warriors
  A deep troll (D:15)
  3 bog bodies (Lair:3)
  2 lindwurms (Lair:5)
  A deep elf pyromancer (D:14)
  2 wizards (D:15)
  A necromancer (D:15)
  An orc knight (Orc:1)
  A wolf spider (D:13)
  An ugly thing (D:13)
  6 cyclopes
  3 manticores
  3 orc sorcerers (Orc:2)
  10 elephants
  2 black mambas
  An ice statue (IceCv)
  17 cane toads
  An unseen horror (shapeshifter) (D:14)
  5 torpor snails (Lair:5)
  6 rime drakes
  A kobold demonologist (D:10)
  A yaktaur (shapeshifter) (D:14)
  3 freezing wraiths
  Maggie (Lair:2)
  2 tengu conjurers (Gauntlet)
  3 anaconda simulacra (IceCv)
  2 unseen horrors (D:10)
  10 komodo dragons
  6 trolls
  3 efreet
  2 polar bears (Lair:4)
  3 tyrant leeches (Lair:5)
  A slime creature (shapeshifter) (D:12)
  8 hornets (Lair:5)
  9 slime creatures
  18 blink frogs
  13 flying skulls (Gauntlet)
  A vampire (D:12)
  2 shadows
  Sigmund (D:3)
  5 wraiths
  2 water elementals (D:13)
  A wyvern (D:9)
  25 yaks
  A ynoxinul (Gauntlet)
  16 humans (D:13)
  A dire elephant simulacrum (IceCv)
  4 basilisks
  A steam dragon (D:7)
  3 vampire mosquitoes
  Edmund (D:4)
  2 swamp worms (Lair:3)
  A death yak simulacrum (IceCv)
  5 wargs
  A harpy simulacrum (IceCv)
  2 nagas (Lair:3)
  13 water moccasins
  2 acid dragons
  A hydra simulacrum (IceCv)
  44 orc warriors
  3 black bears
  A black bear (shapeshifter) (D:15)
  6 ogres
  A sky beast (D:7)
  10 centaurs
  4 ice beasts
  22 wolves
  A phantom (D:5)
  3 necrophages
  2 kobold brigands
  5 two-headed ogre simulacra (IceCv)
  12 bullfrogs
  5 scorpions
  3 cane toad simulacra (IceCv)
  An elephant simulacrum (IceCv)
  12 killer bees
  8 electric eels
  8 howler monkeys
  6 crimson imps (D:11)
  A hound (D:5)
  A human zombie (D:7)
  4 jellies
  21 orc priests
  Crazy Yiuf (D:7)
  4 iron imps (Gauntlet)
  Natasha (thrice) (D:3)
  3 iguanas
  25 orc wizards
  14 spriggan simulacra (IceCv)
  9 troll simulacra (IceCv)
  11 adders
  7 naga simulacra (IceCv)
  A shadow imp (D:6)
  7 white imps
  5 ufetubi
  A worm zombie (D:7)
  2 worms
  2 dart slugs
  95 orcs
  5 bats
  10 endoplasms
  9 giant cockroaches
  11 goblins
  3 hobgoblins
  10 jackals
  16 kobolds
  4 quokkas
  5 ball pythons
  3 frilled lizards
  A kobold zombie (D:7)
  An orc zombie (D:7)
  5 rats
751 creatures vanquished.

Vanquished Creatures (others)
  A hydra (D:14)
  A tengu warrior (Gauntlet)
  A cyclops (D:11)
  2 komodo dragons
  A dire elephant simulacrum (IceCv)
  2 yaks
  A basilisk (Lair:4)
  A black bear (Lair:2)
  A gnoll sergeant (D:7)
  An orc priest (D:14)
  2 orcs
  An endoplasm (Lair:5)
  2 kobolds
  43 fungi
  107 plants
  5 toadstools (D:8)
  2 withered plants (D:6)
174 creatures vanquished.

Grand Total: 925 creatures vanquished

Notes
Turn   | Place    | Note
-------+----------+-------------------------------------------
     0 | D:1      | omnomnOMINOUS the Octopode Wanderer began the quest for the
                  | Orb.
     0 | D:1      | omnomnOMINOUS set off with the following items: a +0 club,
                  | a scroll of butterflies, a potion of attraction; and the
                  | following spells available to memorise: Sting, Foxfire,
                  | Ignite Poison, Stone Arrow, Corpse Rot.
     0 | D:1      | Reached XP level 1. HP: 16/16 MP: 5/5
   446 | D:1      | Reached XP level 2. HP: 20/21 MP: 7/7
   873 | D:1      | Found a faded altar of an unknown god.
  1096 | D:1      | Prayed at the altar of an unknown god.
  1096 | D:1      | Became a worshipper of Ru the Awakened
  1113 | D:2      | Gained mutation: You are sensitive to extremes of
                  | temperature. (rF-, rC-) [Ru sacrifice]
  1113 | D:2      | Reached * piety under Ru
  1113 | D:2      | Reached ** piety under Ru
  1115 | D:2      | Reached XP level 3. HP: 23/26 MP: 8/8
  2119 | D:2      | Reached XP level 4. HP: 31/32 MP: 10/10
  2129 | D:2      | Learned a level 3 spell: Stone Arrow
  2335 | D:3      | Noticed Natasha
  2340 | D:3      | Killed Natasha
  2612 | D:3      | Found a blossoming altar of Fedhas.
  2777 | D:3      | Found a burning altar of Makhleb.
  2777 | D:3      | Noticed Natasha
  2785 | D:3      | Killed Natasha
  2786 | D:3      | Reached skill level 1 in Conjurations
  2786 | D:3      | Reached XP level 5. HP: 25/37 MP: 11/11
  2903 | D:3      | Reached skill level 1 in Earth Magic
  3112 | D:3      | Noticed Sigmund
  3117 | D:3      | Killed Sigmund
  3118 | D:3      | Reached XP level 6. HP: 43/43 MP: 13/13
  3167 | D:3      | Noticed Natasha
  3173 | D:3      | Killed Natasha
  3322 | D:3      | Reached skill level 5 in Spellcasting
  3784 | D:4      | Noticed Edmund
  3786 | D:4      | Found a basalt altar of Yredelemnul.
  3884 | D:4      | Killed Edmund
  3885 | D:4      | Reached XP level 7. HP: 11/49 MP: 5/14
  4432 | D:4      | Found Xotanes's Antique Weapon Emporium.
  4441 | D:4      | Bought a dazzling flail for 153 gold pieces
  4441 | D:4      | Identified the +7 flail of Misery {speed, Str+4} (You
                  | bought it in a shop on level 4 of the Dungeon)
  4600 | D:4      | Gained mutation: You cannot study or cast Air magic. [Ru
                  | sacrifice]
  4600 | D:4      | Gained mutation: You cannot study or cast Hexes magic. [Ru
                  | sacrifice]
  4600 | D:4      | Gained mutation: You cannot study or cast Necromancy magic.
                  | [Ru sacrifice]
  4600 | D:4      | Reached *** piety under Ru
  4728 | D:5      | Entered Level 5 of the Dungeon
  4980 | D:5      | Reached skill level 5 in Fighting
  4980 | D:5      | Reached skill level 1 in Maces & Flails
  5071 | D:5      | Reached XP level 8. HP: 52/55 MP: 15/15
  6594 | D:6      | Found a glowing golden altar of the Shining One.
  6598 | D:6      | Identified the +1 robe of the Soft Alphagorgon {-Tele
                  | Int+7}
  6727 | D:6      | Found a shadowy altar of Dithmenos.
  6746 | D:6      | Noticed a troll
  6756 | D:7      | Identified a scroll of acquirement
  6756 | D:7      | Acquired the amulet "Xumoola" {Spirit Will+ Str+4}
  6958 | D:5      | Reached XP level 9. HP: 39/62 MP: 16/16
  7099 | D:6      | Killed a troll
  7100 | D:6      | Reached skill level 5 in Dodging
  7215 | D:6      | Found a runed translucent door.
  7215 | D:6      | Noticed crescentfresh's ghost (novice OpVM)
  7226 | D:6      | Reached skill level 5 in Maces & Flails
  7348 | D:6      | Found a staircase to the Ecumenical Temple.
  7978 | D:7      | Found a runed translucent door.
  7979 | D:7      | Noticed Crazy Yiuf
  8034 | D:7      | Gained mutation: You are missing an eye, making it more
                  | difficult to aim. [Ru sacrifice]
  8034 | D:7      | Reached **** piety under Ru
  8198 | D:7      | Found a stormy altar of Qazlal.
  8384 | D:7      | Reached skill level 5 in Conjurations
  8384 | D:7      | Reached skill level 5 in Earth Magic
  9023 | D:7      | Noticed a manticore
  9032 | D:7      | Reached XP level 10. HP: 58/69 MP: 17/17
  9220 | D:7      | Killed a manticore
  9908 | D:7      | Killed Crazy Yiuf
 10667 | D:8      | Found a staircase to the Lair.
 10755 | D:8      | Noticed Erica
 10763 | D:8      | Killed Erica
 11419 | D:8      | Learned a level 2 spell: Passwall
 11825 | D:9      | Found a white marble altar of Elyvilon.
 12020 | D:9      | Gained mutation: You are hated by all. [Ru sacrifice]
 12020 | D:9      | Reached ***** piety under Ru
 12242 | D:10     | Entered Level 10 of the Dungeon
 12352 | D:10     | Killed an unseen horror
 13410 | D:10     | Reached XP level 11. HP: 73/75 MP: 18/18
 13421 | D:10     | Identified the +4 falchion of Wounding {venom, *Slow rElec
                  | rCorr MP+9}
 13424 | D:10     | Identified the +5 spear of Generosity {vorpal, rF+ Str+3
                  | Int+4 Stlth-}
 14476 | D:10     | Found an iron altar of Okawaru.
 14752 | D:11     | Noticed a cyclops
 14753 | D:11     | Noticed a boulder beetle
 14785 | D:11     | Noticed a two-headed ogre
 15400 | D:11     | Killed a cyclops
 15467 | D:11     | Killed a boulder beetle
 16049 | D:11     | Noticed a cyclops
 16070 | D:11     | Killed a cyclops
 16383 | D:11     | Noticed a five-headed hydra
 16389 | D:11     | Killed a five-headed hydra
 16445 | D:11     | Killed a two-headed ogre
 16488 | D:11     | Noticed a two-headed ogre
 16492 | D:11     | Killed a two-headed ogre
 17040 | D:12     | Noticed a two-headed ogre
 17042 | D:12     | Gained mutation: You are weak. (Str -2) [Ru sacrifice]
 17042 | D:12     | Reached ****** piety under Ru
 17053 | D:12     | Killed a two-headed ogre
 17467 | D:12     | Found a staircase to the Orcish Mines.
 17482 | D:12     | Reached skill level 10 in Maces & Flails
 17502 | D:12     | Noticed a cyclops
 17521 | D:12     | Killed a cyclops
 17524 | D:12     | Reached XP level 12. HP: 34/84 MP: 14/19
 18031 | D:12     | Identified the +4 sling "Teaqikh" {speed, rPois Will+ MP+9
                  | Stlth+}
 18179 | D:12     | Noticed a boulder beetle
 18222 | D:12     | Killed a boulder beetle
 18844 | D:12     | Noticed a two-headed ogre
 18849 | D:12     | Killed a two-headed ogre
 19016 | D:13     | Noticed Urug
 19016 | D:13     | Noticed a two-headed ogre
 19016 | D:13     | Noticed a centaur warrior
 19016 | D:13     | Found a gate to the Vaults.
 19017 | D:13     | Killed a two-headed ogre
 19017 | D:13     | Killed a centaur warrior
 19017 | D:13     | Noticed a five-headed hydra
 19021 | D:13     | Killed Urug
 19125 | D:12     | Upgraded the game from 0.30-a0-51-g784eafce7f to
                  | 0.30-a0-54-g2e61a25929
 19148 | D:13     | Killed a five-headed hydra
 19212 | D:13     | Reached XP level 13. HP: 67/89 MP: 15/20
 19916 | D:13     | Identified the +1 chain mail of Dodgh {rN+ rCorr Str-2}
 21343 | Lair:1   | Entered Level 1 of the Lair of Beasts
 21769 | Lair:1   | Reached skill level 10 in Fighting
 22693 | Lair:1   | You fall into a shaft and drop 1 floor!
 22748 | Lair:2   | Reached skill level 1 in Shields
 23992 | Lair:2   | Noticed Maggie
 24002 | Lair:2   | Killed Maggie
 25487 | Lair:2   | Noticed Fannar
 25492 | Lair:2   | Noticed Nergalle
 25494 | Lair:2   | Killed Nergalle
 25495 | Lair:2   | Reached skill level 10 in Dodging
 25501 | Lair:2   | Killed Fannar
 25502 | Lair:2   | Reached XP level 14. HP: 74/94 MP: 21/21
 26284 | Lair:3   | Found a staircase to the Snake Pit.
 26818 | Lair:3   | Reached skill level 10 in Conjurations
 27017 | Lair:3   | Reached skill level 10 in Earth Magic
 27072 | Lair:3   | Found a staircase to the Swamp.
 28060 | Lair:4   | Found a gate leading to a gauntlet.
 28072 | Gauntlet | Entered a Gauntlet
 28072 | Gauntlet | Found a transporter.
 28072 | Gauntlet | Found a transporter.
 28314 | Gauntlet | Found a transporter.
 28325 | Gauntlet | Found a transporter.
 28325 | Gauntlet | Found a large runed translucent door.
 28326 | Gauntlet | Found a large runed translucent door.
 28327 | Gauntlet | Found a large runed translucent door.
 28327 | Gauntlet | Found a large runed translucent door.
 28327 | Gauntlet | Found a large runed translucent door.
 28328 | Gauntlet | Found a runed translucent door.
 28366 | Gauntlet | Found a transporter.
 28368 | Gauntlet | Found a large runed translucent door.
 28369 | Gauntlet | Found a large runed translucent door.
 28370 | Gauntlet | Found a runed translucent door.
 28370 | Gauntlet | Found a large runed translucent door.
 28370 | Gauntlet | Found a large runed translucent door.
 28374 | Gauntlet | Found a large runed translucent door.
 28375 | Gauntlet | Found a large runed translucent door.
 28375 | Gauntlet | Found a large runed translucent door.
 28376 | Gauntlet | Found a large runed translucent door.
 28376 | Gauntlet | Found a large runed translucent door.
 28376 | Gauntlet | Found a large runed translucent door.
 28376 | Gauntlet | Found a large runed translucent door.
 28379 | Gauntlet | Found a runed translucent gate.
 28379 | Gauntlet | Found a runed translucent gate.
 28379 | Gauntlet | Found a runed translucent gate.
 28382 | Gauntlet | Found a transporter.
 28395 | Gauntlet | Found a transporter.
 28414 | Gauntlet | Found a transporter.
 28486 | Gauntlet | Found a transporter.
 28495 | Gauntlet | Found a transporter.
 28509 | Gauntlet | Found a transporter.
 28523 | Gauntlet | Found a transporter.
 28541 | Gauntlet | Found a transporter.
 28609 | Gauntlet | Found a transporter.
 28623 | Gauntlet | Found a transporter.
 28657 | Gauntlet | Found a transporter.
 31427 | Lair:5   | Entered Level 5 of the Lair of Beasts
 31711 | Lair:5   | Found a staircase to the Slime Pits.
 31877 | Lair:5   | Reached skill level 5 in Shields
 32149 | Lair:5   | Reached XP level 15. HP: 56/108 MP: 12/22
 32696 | Lair:5   | Found a runed translucent door.
 34222 | Orc:1    | Entered Level 1 of the Orcish Mines
 34222 | Orc:1    | Noticed Sonja
 34225 | Orc:1    | Killed Sonja
 34732 | Orc:2    | Entered Level 2 of the Orcish Mines
 34791 | Orc:2    | Found Isedghamoelu's Weapon Boutique.
 34801 | Orc:2    | Found a staircase to the Elven Halls.
 34903 | Orc:2    | Found a frozen archway.
 35017 | IceCv    | Entered an ice cave
 36965 | Orc:2    | Found Asagou's Armour Boutique.
 37365 | Orc:2    | Found Quxaan's Antique Armour Shoppe.
 38162 | Orc:2    | Noticed Saint Roka
 39846 | Orc:2    | Killed Saint Roka
 40122 | Orc:2    | Found Roize Ramm's Antique Weapon Shoppe.
 40126 | Orc:2    | Found Epleghext's Antique Armour Emporium.
 40454 | D:14     | Noticed an orc warlord
 40484 | D:14     | Killed an orc warlord
 41284 | D:14     | You fall into a shaft and drop 1 floor!
 41284 | D:15     | Entered Level 15 of the Dungeon
 41592 | D:15     | Found a staircase to the Depths.
 41611 | D:15     | HP: 2/112 [ettin simulacrum (20)]
 41830 | D:15     | Reached XP level 16. HP: 104/116 MP: 21/23
 42627 | D:15     | Reached skill level 1 in Evocations
 43427 | D:14     | Killed from afar by an orc priest

Illustrated notes

Levels and vault maps discovered:
D:1:      psy_arrival_dodecagon, layout_basic,
          ebering_ecumenical_altar_sacrificial
D:2:      layout_loops_ring, serial_bayou_pond_e
D:3:      minmay_octagon_keep, layout_basic, general_overflow_altar,
          amcnicky_altar_gilded, kennysheep_generic_room_16, uniq_sigmund,
          uniq_natasha
D:4:      layout_cave_pools, overflow_temple_1_default, serial_shops,
          shop_fountains, minmay_goblin_outpost, uniq_edmund
D:5:      layout_basic, portal_sewer_entry_a
D:6:      layout_gridville, nicolae_dithmenos_the_darkroom,
          mainiacjoe_overflow_paths, temple_statues, gammafunk_ghost_grave,
          lightli_orcish_oven
D:7:      minmay_chambers_of_sixes, layout_cave_pods,
          mainiacjoe_overflow_cross_hatched, enter_ossuary_3, serial_glass,
          glass_columns_a, glass_columns_a, uniq_crazy_yiuf_cottage
D:8:      layout_cave_pools, david_lair_shrubbed, minmay_gold_behind_fungi,
          nicolae_figureground_pulse, uniq_erica
D:9:      layout_grid_maze, elyvilon_altar_5
D:10:     layout_loops_ring, okawaru_ov_weapons_minmay
D:11:     layout_long_grid, minmay_nine_imps
D:12:     layout_roguey [special_room_orc], erik_orc_3, eino_tiny_chamber
D:13:     layout_basic, david_vaults_3
D:14:     orc_temple, layout_cave_pools, chequers_mini_garden, minivault_26,
          minmay_circle_x
D:15:     hangedman_depths_entry_civil_slaughter, layout_stronghold,
          hellmonk_bongcloud_opening
Lair:1:   layout_hall_layers
Lair:2:   layout_layer_cave, uniq_maggie, uniq_nergalle, uniq_fannar
Lair:3:   layout_chaotic_city, nicolae_swamp_entry_splash_gauntlet,
          guppyfry_snake_entry_garden, chequers_serial_rivers_small_3
Lair:4:   layout_long_grid, gauntlet_entry_generic, serial_bayou,
          serial_bayou_lagoon_b, serial_bayou_pond_a, serial_bayou_pond_e,
          serial_bayou_pond_d, serial_bayou_crossing, grunt_megastairs_5
Lair:5:   wormcave, layout_loops_ring, nicolae_slime_entry_slimehenge,
          grunt_megastairs_4, lemuel_fruit_tree
Orc:1:    layout_caves, uniq_sonja
Orc:2:    grunt_orc_community_town_hall, layout_caves,
          grunt_orc_community_big_house_2, grunt_orc_community_big_house_2,
          grunt_orc_community_house_2, grunt_orc_community_house_1,
          grunt_orc_community_house_1, grunt_orc_community_house_3,
          grunt_orc_community_house_1, portal_ice_cave_rime, serial_shops,
          nicolae_shop_statue_plus, basic_altar

Skill      XL: |  1  2  3  4  5  6  7  8  9 10 11 12 13 14 15 16 |
---------------+-------------------------------------------------+-----
Dodging        | 2 3 4 6 7 8 9 10 12 | 12.2
Conjurations   | 1 2 3 4 5 6 7 8 9 10 11 12 | 12.0
Earth Magic    | 1 2 3 4 5 6 7 8 9 10 11 12 | 12.0
Fighting       | 4 5 6 7 8 9 10 11 13 14 | 14.2
Spellcasting   | 5 |  5.3
Maces & Flails | 2 4 6 8 10 11 13 14 | 14.0
Shields        | 2 5 6 |  6.8
Evocations     | 2 |  2.0
Poison Magic   | |  2.4

Action                   |  1- 3 |  4- 6 |  7- 9 | 10-12 | 13-15 | 16-18 || total
-------------------------+-------+-------+-------+-------+-------+-------++-------
Melee: Club              |    36 |       |       |       |       |       ||    36
       Tentacles         |    15 |    21 |    41 |    75 |   269 |    24 ||   445
       Constrict         |    14 |    23 |    34 |    44 |   125 |     5 ||   245
       Punch             |     1 |       |     2 |     4 |    13 |     4 ||    24
       Spear             |    44 |    39 |       |       |       |       ||    83
       Hand axe          |       |    31 |       |       |       |       ||    31
       Broad axe         |       |    14 |       |       |       |       ||    14
       Flail             |       |       |   210 |   453 |  1408 |    97 ||  2168
       Dire flail        |       |       |    11 |       |       |       ||    11
 Cast: Stone Arrow       |       |     3 |     2 |    35 |   157 |     3 ||   200
       Passwall          |       |       |       |     1 |       |       ||     1
Invok: Sacrifice Resista |     1 |       |       |       |       |       ||     1
       Sacrifice Arcana  |       |       |     1 |       |       |       ||     1
       Draw Out Power    |       |       |     1 |     9 |     9 |     1 ||    20
       Sacrifice an Eye  |       |       |     1 |       |       |       ||     1
       Apocalypse        |       |       |       |     4 |     3 |       ||     7
       Sacrifice Love    |       |       |       |     1 |       |       ||     1
       Power Leap        |       |       |       |     1 |     3 |     1 ||     5
       Sacrifice Purity  |       |       |       |     1 |       |       ||     1
Evoke: Wand              |       |       |       |       |     2 |     1 ||     3
  Use: Scroll            |       |       |    10 |    12 |    13 |     2 ||    37
       Potion            |       |       |     8 |     7 |     7 |     2 ||    24
 Stab: Sleeping          |     9 |     2 |     4 |     3 |     5 |     2 ||    25
       Invisible         |       |     1 |     1 |     1 |    16 |     2 ||    21
       Distracted        |       |       |     2 |     1 |     9 |     1 ||    13
       Paralysed         |       |       |       |    14 |    19 |       ||    33
Armor: Skin              |     6 |     3 |    10 |    11 |    39 |     2 ||    71
Dodge: Dodged            |    36 |    58 |   128 |   169 |   570 |    64 ||  1025
Block: Buckler           |       |       |       |       |   123 |       ||   123
       Kite shield       |       |       |       |       |   132 |    45 ||   177

Table legend: (Time is in decaauts)
 A = Elapsed time spent in this place.
 B = Non-inter-level travel time spent in this place.
 C = Inter-level travel time spent in this place.
 D = Time resting spent in this place.
 E = Time spent auto-exploring this place.
 F = Levels seen in this place.
 G = Mean time per level.
                   A        B        C        D        E       F      G
               +--------+--------+--------+--------+--------+-----+--------+
         Total |  42600 |  41302 |   1298 |  15907 |  19752 |  24 | 1775.0 |
       Dungeon |  24796 |  23912 |    884 |   7803 |  13168 |  15 | 1653.1 |
          Lair |  10213 |   9915 |    298 |   3794 |   4755 |   5 | 2042.6 |
  Orcish Mines |   4353 |   4238 |    115 |   2440 |   1183 |   2 | 2176.5 |
      Ice Cave |   1667 |   1667 |      0 |   1011 |    325 |   1 | 1667.0 |
      Gauntlet |   1570 |   1570 |      0 |    858 |    321 |   1 | 1570.0 |
               +--------+--------+--------+--------+--------+-----+--------+

Top non-repeatable levels by time:
   Orc:2: 3632 daAuts
    D:12: 2996 daAuts
  Lair:2: 2633 daAuts
     D:7: 2481 daAuts
     D:8: 2282 daAuts
  Lair:5: 2228 daAuts
    D:11: 2121 daAuts
    D:15: 2019 daAuts
  Lair:4: 1980 daAuts
  Lair:3: 1891 daAuts
    D:10: 1867 daAuts
   IceCv: 1667 daAuts
Gauntlet: 1570 daAuts
     D:9: 1512 daAuts
     D:5: 1501 daAuts
